Avalanche vs Maple Leafs

Created - 20 avril 2024 at 02:24

Goals
1 2 3 T
Avalanche 3 2 1 6
Maple Leafs 0 1 0 1
Shots
1 2 3 T
Avalanche 13 13 12 38
Maple Leafs 10 15 12 37

GoalsPenalties
1st period
1. Avalanche , Nino Niederreiter 28 (Nicolas Roy 32) at 13:21
2. Avalanche , Ilya Mikheyev 20 (Brayden Point 43, Zach Parise 17) at 15:03
3. Avalanche , Brayden Point 34 (Zach Parise 18) at 18:04
No Penalty
2nd period
4. Maple Leafs , Alex Iafallo 10 (Mattias Janmark 13, Cam Fowler 15) at 4:22
5. Avalanche , Adam Henrique 24 (Ivan Barbashev 23, Josh Anderson 18) at 9:43
6. Avalanche , Ivan Barbashev 26 (Sean Durzi 17, Josh Anderson 19) at 13:29
No Penalty
3rd period
7. Avalanche , Brayden Point 35 (Matt Roy 14) at 5:50
Sean Durzi (COL) for Roughing (Minor) at 0:40
Goalie Stats
Thatcher Demko (COL), 36 saves from 37 shots - (0,973), W, 14-8-2, 60:00 minutes
Jordan Binnington (TOR), 32 saves from 38 shots - (0,842), L, 8-20-9, 60:00 minutes
3 StarsOfficial
1 - Brayden Point (COL)
2 - Thatcher Demko (COL)
3 - Ivan Barbashev (COL)
Referees : Chris Rooney and Kenny Anderson
Linesman : Trent Knorr and Kiel Murchison
Game Note
No Game Note
Finance
Level 1 -- Attendance: 4399 (73,32%) -- Ticket Income $483,890
Level 2 -- Attendance: 4742 (94,84%) -- Ticket Income $308,230
Level 3 -- Attendance: 1413 (70,65%) -- Ticket Income $63,585
Level 4 -- Attendance: 3813 (95,33%) -- Ticket Income $83,886
Luxury Box -- Attendance: 670 (67,00%) -- Ticket Income $150,750
Game was played at the Air Canada Center.
Total Attendance: 15037 (83,54%)
Total Ticket Income: $1,090,341
Other Income: $534,267
Total Income: $1,624,608



Team Name Goals Shots Shots Attemp Shots Blocked PIM HIT PP PK FO%
Avalanche 63865142180 / 0 (0,00%049%
Maple Leafs 1377290230 / 1 (0%)051%

Avalanche
Player Name POS G A P +/- PIM HIT SHT SB MP PP MP PP SHT PK MP PK SHT FO% FOT GA TA
Adam HenriqueC/LW/RW1012005016:520:0000:00047% 1910
Andrew CoppC/LW000000107:570:0001:07033% 301
Brayden PointC/LW/RW2133005017:090:0000:00056% 2721
Eric StaalC/LW000001007:400:0000:5200% 010
Gustav ForslingD0002002123:450:0000:5200% 001
Gustav NyquistLW/RW0000045017:190:0000:0700% 000
Ilya MikheyevLW/RW1013002217:090:0000:0000% 001
Ivan BarbashevC/LW1122023016:520:0000:000100% 120
Jake SandersonD0003012123:410:0001:0700% 000
Josh AndersonLW/RW0222002016:520:0000:00050% 210
Mathieu JosephC/LW/RW000000207:480:0001:0000% 020
Matt RoyD0110013218:180:0001:0700% 000
Nicolas RoyC/RW0110013018:020:0000:52047% 1500
Nino NiederreiterLW/RW1010032017:100:0000:0000% 110
Ryan McDonaghD0002020319:100:0000:5200% 001
Samuel GirardD0001011316:480:0000:0000% 010
Sean DurziD0112200218:190:0000:0000% 000
Zach PariseLW/RW0223020017:090:0000:0000% 100
Maple Leafs
Player Name POS G A P +/- PIM HIT SHT SB MP PP MP PP SHT PK MP PK SHT FO% FOT GA TA
Alex IafalloC/LW101-1023014:550:3000:000100% 120
Alexander RomanovD000-3003521:110:5300:0000% 011
Andrei SvechnikovLW/RW000-2083020:451:1600:000100% 110
Ben HuttonD000-1011016:200:0000:0000% 001
Braden SchneiderD000-1002016:200:0000:0000% 001
Cam FowlerD011-3003121:110:5300:0000% 000
Connor BedardC000-2001020:490:4300:00038% 2602
Hampus LindholmD000-1000022:291:0600:0000% 002
Jesper BrattLW/RW000-1025119:010:4300:00050% 200
Jonas RondbjergLW/RW000000000:000:0000:0000% 000
Kaapo KakkoRW000-1002018:240:0600:0000% 000
Linus KarlssonC000-101005:490:0000:0000% 000
Mattias JanmarkC/LW/RW011-2013019:500:1300:00064% 1410
Michael McCarronC/RW000-102005:490:0000:000100% 200
Mikhail SergachevD000-1012122:291:0600:0000% 002
Nikolaj EhlersRW000-2027020:451:1600:00050% 201
Ryan JohansenC/RW000-1032119:281:1000:00050% 2001
Travis DermottD000-1000014:250:0000:0000% 100

Avalanche

5 vs 5 Forward
Line #Left WingCenterRight WingPHYDFOFWanted %Time %Time Play
1Ivan BarbashevAdam HenriqueJosh Anderson0233029%16:54
2Ilya MikheyevBrayden PointZach Parise0323030%17:09
3Gustav NyquistNicolas RoyNino Niederreiter0143030%17:10
4Eric StaalAndrew CoppMathieu Joseph0321012%6:48
5 vs 5 Defense
Line #DefenseDefensePHYDFOFWanted %Time %Time Play
1Ryan McDonaghSean Durzi0323032%18:18
2Matt RoyGustav Forsling0323030%17:11
3Jake SandersonSamuel Girard0323029%16:48
4Jake SandersonGustav Forsling0321010%5:44
Power Play Forward
Line #Left WingCenterRight WingPHYDFOFWanted %Time %Time Play
1Ilya MikheyevBrayden PointNino Niederreiter014520%0:00
2Zach PariseAdam HenriqueJosh Anderson014480%0:00
Power Play Defense
Line #DefenseDefensePHYDFOFWanted %Time %Time Play
1Gustav ForslingSamuel Girard023520%0:00
2Sean DurziJake Sanderson023480%0:00
Penalty Kill 4 Players Forward
Line #CenterWingPHYDFOFWanted %Time %Time Play
1Andrew CoppMathieu Joseph0415556%1:07
2Nicolas RoyEric Staal0414544%0:52
Penalty Kill 4 Players Defense
Line #DefenseDefensePHYDFOFWanted %Time %Time Play
1Ryan McDonaghGustav Forsling0415544%0:52
2Jake SandersonMatt Roy0414556%1:07
Penalty Kill 3 Players
Line #WingPHYDFOFWanted %Time %Time PlayDefenseDefensePHYDFOFWanted %Time %Time Play
1Nicolas Roy050550%0:00 Ryan McDonaghGustav Forsling050550%0:00
2Andrew Copp050450%0:00 Jake SandersonMatt Roy050450%0:00
4 vs 4 Forward
Line #CenterWingPHYDFOFWanted %Time %Time Play
1Brayden PointIlya Mikheyev023600%0:00
2Adam HenriqueJosh Anderson023400%0:00
4 vs 4 Defense
Line #DefensePHYDFOFWanted %Time %Time Play
1Ryan McDonaghGustav Forsling032600%0:00
2Jake SandersonSamuel Girard131400%0:00
Last Minutes Offensive
Left WingCenterRight WingDefenseDefense
Brayden PointAdam HenriqueIlya MikheyevRyan McDonaghGustav Forsling
Last Minutes Defensive
Left WingCenterRight WingDefenseDefense
Mathieu JosephAndrew CoppZach PariseRyan McDonaghGustav Forsling
Time
Total ForwardTotal DefenseLast Minutes OffensiveLast Minutes Defensive
60:00 60:00 0:000:00
Extra Forwards
Normal PowerPlayPenalty Kill
Nicolas Roy, Andrew Copp, Ivan BarbashevNicolas Roy, Andrew CoppNicolas Roy
Extra Defensemen
Normal PowerPlayPenalty Kill
Samuel Girard, Sean Durzi, Matt RoySamuel Girard, Samuel GirardSean Durzi
Penalty Shots
Gustav Nyquist, Matt Roy, Mathieu Joseph, Zach Parise, Brayden Point
Goalie
Thatcher Demko, Vitek Vanecek
Custom OT Lines Forwards
Brayden Point, Zach Parise, Josh Anderson, Nino Niederreiter, Nicolas Roy, Andrew Copp, Ivan Barbashev, Gustav Nyquist, Ilya Mikheyev, Mathieu Joseph
Custom OT Lines Defensemen
Ryan McDonagh, Gustav Forsling, Jake Sanderson, Samuel Girard, Sean Durzi
Scratches
Mason Appleton (Healthy), Juuso Parssinen (Healthy)

Maple Leafs

5 vs 5 Forward
Line #Left WingCenterRight WingPHYDFOFWanted %Time %Time Play
1Andrei SvechnikovConnor BedardNikolaj Ehlers0413434%19:29
2Jesper BrattRyan JohansenKaapo Kakko0413132%18:18
3Alex IafalloMattias JanmarkTravis Dermott0502525%14:25
4Mattias JanmarkMichael McCarronLinus Karlsson0501010%5:49
5 vs 5 Defense
Line #DefenseDefensePHYDFOFWanted %Time %Time Play
1Mikhail SergachevHampus Lindholm0413637%21:23
2Cam FowlerAlexander Romanov0143635%20:18
3Braden SchneiderBen Hutton0412828%16:20
4Travis DermottMikhail Sergachev04100%0:00
Power Play Forward
Line #Left WingCenterRight WingPHYDFOFWanted %Time %Time Play
1Andrei SvechnikovRyan JohansenNikolaj Ehlers0145064%1:16
2Jesper BrattConnor BedardRyan Johansen0145036%0:43
Power Play Defense
Line #DefenseDefensePHYDFOFWanted %Time %Time Play
1Mikhail SergachevHampus Lindholm0146055%1:06
2Cam FowlerAlexander Romanov0144045%0:53
Penalty Kill 4 Players Forward
Line #CenterWingPHYDFOFWanted %Time %Time Play
1Ryan JohansenAndrei Svechnikov050600%0:00
2Connor BedardJesper Bratt050400%0:00
Penalty Kill 4 Players Defense
Line #DefenseDefensePHYDFOFWanted %Time %Time Play
1Mikhail SergachevHampus Lindholm050600%0:00
2Cam FowlerAlexander Romanov050400%0:00
Penalty Kill 3 Players
Line #WingPHYDFOFWanted %Time %Time PlayDefenseDefensePHYDFOFWanted %Time %Time Play
1Ryan Johansen050600%0:00 Mikhail SergachevHampus Lindholm050600%0:00
2Connor Bedard050400%0:00 Cam FowlerAlexander Romanov050400%0:00
4 vs 4 Forward
Line #CenterWingPHYDFOFWanted %Time %Time Play
1Ryan JohansenAndrei Svechnikov050600%0:00
2Connor BedardJesper Bratt050400%0:00
4 vs 4 Defense
Line #DefensePHYDFOFWanted %Time %Time Play
1Mikhail SergachevHampus Lindholm050600%0:00
2Cam FowlerAlexander Romanov050400%0:00
Last Minutes Offensive
Left WingCenterRight WingDefenseDefense
Andrei SvechnikovRyan JohansenNikolaj EhlersMikhail SergachevHampus Lindholm
Last Minutes Defensive
Left WingCenterRight WingDefenseDefense
Andrei SvechnikovRyan JohansenNikolaj EhlersMikhail SergachevHampus Lindholm
Time
Total ForwardTotal DefenseLast Minutes OffensiveLast Minutes Defensive
60:00 60:00 0:000:00
Extra Forwards
Normal PowerPlayPenalty Kill
Connor Bedard, Alex Iafallo, Mattias JanmarkConnor Bedard, Alex IafalloConnor Bedard
Extra Defensemen
Normal PowerPlayPenalty Kill
Braden Schneider, Ben Hutton, Travis DermottBraden Schneider, Braden SchneiderBen Hutton
Penalty Shots
Andrei Svechnikov, Jesper Bratt, Nikolaj Ehlers, Ryan Johansen, Connor Bedard
Goalie
Jordan Binnington, Pyotr Kochetkov
Custom OT Lines Forwards
Andrei Svechnikov, Jesper Bratt, Nikolaj Ehlers, Ryan Johansen, Connor Bedard, Alex Iafallo, Mattias Janmark, Kaapo Kakko, Michael McCarron, Jonas Rondbjerg
Custom OT Lines Defensemen
Mikhail Sergachev, Hampus Lindholm, Cam Fowler, Alexander Romanov, Braden Schneider
Scratches
Timothy Liljegren (Healthy)


Play-by-Play

1st period


0:01 of 1st period - Connor Bedard wins face-off versus Josh Anderson in neutral zone.
0:46 of 1st period - Slapshot by Josh Anderson.
0:46 of 1st period - Stopped by Jordan Binnington with a rebound.
0:48 of 1st period - Slapshot by Gustav Forsling.
0:48 of 1st period - Deflect By Hampus Lindholm.
0:48 of 1st period - Stopped by Jordan Binnington with a rebound.
0:50 of 1st period - Snap shot by Ivan Barbashev.
0:50 of 1st period - Stopped by Jordan Binnington without a rebound.
0:51 of 1st period - Michael McCarron wins face-off versus Brayden Point in Maple Leafs zone.
0:51 of 1st period - Michael McCarron is hit by Samuel Girard.
2:10 of 1st period - Ryan McDonagh is hit by Michael McCarron and loses puck.
2:29 of 1st period - Icing by Hampus Lindholm.
2:30 of 1st period - Ryan Johansen wins face-off versus Adam Henrique in Maple Leafs zone.
2:35 of 1st period - Slapshot by Ryan Johansen.
2:35 of 1st period - Shot Misses the Net.
3:03 of 1st period - Wrist shot by Jesper Bratt.
3:03 of 1st period - Stopped by Thatcher Demko without a rebound.
3:04 of 1st period - Brayden Point wins face-off versus Connor Bedard in Avalanche zone.
3:14 of 1st period - Icing by Ilya Mikheyev.
3:15 of 1st period - Mattias Janmark wins face-off versus Brayden Point in Avalanche zone.
4:03 of 1st period - Wrist shot by Jesper Bratt.
4:03 of 1st period - Shot Misses the Net.
4:20 of 1st period - Wrist shot by Ivan Barbashev.
4:20 of 1st period - Shot Blocked by Alexander Romanov.
4:27 of 1st period - Snap shot by Adam Henrique.
4:27 of 1st period - Stopped by Jordan Binnington without a rebound.
4:28 of 1st period - Nicolas Roy wins face-off versus Connor Bedard in Maple Leafs zone.
4:34 of 1st period - Off-side.
4:35 of 1st period - Connor Bedard wins face-off versus Nicolas Roy in neutral zone.
4:38 of 1st period - Gustav Nyquist is hit by Nikolaj Ehlers.
5:02 of 1st period - Snap shot by Brayden Point.
5:02 of 1st period - Shot Misses the Net.
5:30 of 1st period - Snap shot by Jesper Bratt.
5:30 of 1st period - Deflect By Ryan Johansen.
5:30 of 1st period - Stopped by Thatcher Demko with a rebound.
5:39 of 1st period - Icing by Jesper Bratt.
5:40 of 1st period - Ryan Johansen wins face-off versus Adam Henrique in Maple Leafs zone.
6:55 of 1st period - Snap shot by Andrew Copp.
6:55 of 1st period - Shot Misses the Net.
6:57 of 1st period - Slapshot by Gustav Forsling.
6:57 of 1st period - Stopped by Jordan Binnington without a rebound.
6:58 of 1st period - Connor Bedard wins face-off versus Brayden Point in Maple Leafs zone.
7:15 of 1st period - Andrei Svechnikov is hit by Jake Sanderson and loses puck.
7:38 of 1st period - Wrist shot by Nicolas Roy.
7:38 of 1st period - Shot Misses the Net.
8:51 of 1st period - Wrist shot by Brayden Point.
8:51 of 1st period - Stopped by Jordan Binnington without a rebound.
8:52 of 1st period - Connor Bedard wins face-off versus Adam Henrique in Maple Leafs zone.
9:05 of 1st period - Wrist shot by Josh Anderson.
9:05 of 1st period - Shot Misses the Net.
9:19 of 1st period - Nicolas Roy is hit by Ryan Johansen and loses puck.
9:30 of 1st period - Icing by Gustav Nyquist.
9:31 of 1st period - Connor Bedard wins face-off versus Nicolas Roy in Avalanche zone.
9:36 of 1st period - Backhand shot by Andrei Svechnikov.
9:36 of 1st period - Shot Misses the Net.
9:38 of 1st period - Wrist shot by Nikolaj Ehlers.
9:38 of 1st period - Shot Blocked by Ryan McDonagh.
9:40 of 1st period - Snap shot by Nikolaj Ehlers.
9:40 of 1st period - Stopped by Thatcher Demko without a rebound.
9:41 of 1st period - Connor Bedard wins face-off versus Brayden Point in Avalanche zone.
10:07 of 1st period - Nicolas Roy is hit by Mattias Janmark and loses puck.
10:16 of 1st period - Slapshot by Alex Iafallo.
10:16 of 1st period - Shot Blocked by Samuel Girard.
11:32 of 1st period - Slapshot by Gustav Nyquist.
11:32 of 1st period - Stopped by Jordan Binnington with a rebound.
11:34 of 1st period - Slapshot by Matt Roy.
11:34 of 1st period - Stopped by Jordan Binnington with a rebound.
11:36 of 1st period - Snap shot by Nicolas Roy.
11:36 of 1st period - Deflect By Braden Schneider.
11:36 of 1st period - Shot Misses the Net.
11:36 of 1st period - Puck is out of play.
11:37 of 1st period - Nikolaj Ehlers wins face-off versus Nicolas Roy in Maple Leafs zone.
12:25 of 1st period - Andrei Svechnikov is hit by Gustav Nyquist.
12:29 of 1st period - Nicolas Roy is hit by Andrei Svechnikov and loses puck.
12:50 of 1st period - Snap shot by Gustav Nyquist.
12:50 of 1st period - Shot Blocked by Mikhail Sergachev.
13:01 of 1st period - Mikhail Sergachev is hit by Nino Niederreiter.
13:15 of 1st period - Wrist shot by Andrei Svechnikov.
13:15 of 1st period - Shot Misses the Net.
13:21 of 1st period - Snap shot by Nino Niederreiter.
13:21 of 1st period - Goal by Nino Niederreiter - Avalanche : 1 - Maple Leafs : 0.
13:22 of 1st period - Mattias Janmark wins face-off versus Zach Parise in neutral zone.
13:49 of 1st period - Icing by Gustav Forsling.
13:50 of 1st period - Josh Anderson wins face-off versus Jesper Bratt in Avalanche zone.
13:55 of 1st period - Adam Henrique is hit by Jesper Bratt and loses puck.
14:16 of 1st period - Slapshot by Josh Anderson.
14:16 of 1st period - Shot Misses the Net.
14:40 of 1st period - Snap shot by Adam Henrique.
14:40 of 1st period - Shot Misses the Net.
14:46 of 1st period - Snap shot by Jesper Bratt.
14:46 of 1st period - Stopped by Thatcher Demko without a rebound.
14:47 of 1st period - Brayden Point wins face-off versus Mattias Janmark in Avalanche zone.
14:47 of 1st period - Brayden Point is hit by Alex Iafallo.
14:55 of 1st period - Wrist shot by Brayden Point.
14:55 of 1st period - Stopped by Jordan Binnington with a rebound.
14:57 of 1st period - Wrist shot by Zach Parise.
14:57 of 1st period - Shot Misses the Net.
14:59 of 1st period - Slapshot by Zach Parise.
14:59 of 1st period - Shot Misses the Net.
15:01 of 1st period - Wrist shot by Brayden Point.
15:01 of 1st period - Stopped by Jordan Binnington with a rebound.
15:03 of 1st period - Slapshot by Ilya Mikheyev.
15:03 of 1st period - Goal by Ilya Mikheyev - Avalanche : 2 - Maple Leafs : 0.
15:04 of 1st period - Alex Iafallo wins face-off versus Brayden Point in neutral zone.
15:13 of 1st period - Backhand shot by Alex Iafallo.
15:13 of 1st period - Shot Misses the Net.
15:15 of 1st period - Slapshot by Alexander Romanov.
15:15 of 1st period - Shot Blocked by Ilya Mikheyev.
15:17 of 1st period - Backhand shot by Cam Fowler.
15:17 of 1st period - Stopped by Thatcher Demko with a rebound.
15:19 of 1st period - Snap shot by Alexander Romanov.
15:19 of 1st period - Stopped by Thatcher Demko with a rebound.
15:49 of 1st period - Wrist shot by Andrei Svechnikov.
15:49 of 1st period - Stopped by Thatcher Demko without a rebound.
15:50 of 1st period - Andrew Copp wins face-off versus Connor Bedard in Avalanche zone.
15:50 of 1st period - Andrew Copp is hit by Andrei Svechnikov.
16:59 of 1st period - Braden Schneider is hit by Nino Niederreiter and loses puck.
17:12 of 1st period - Gustav Nyquist is hit by Andrei Svechnikov and loses puck.
17:23 of 1st period - Snap shot by Andrew Copp.
17:23 of 1st period - Shot Misses the Net.
17:41 of 1st period - Wrist shot by Ryan Johansen.
17:41 of 1st period - Shot Blocked by Sean Durzi.
17:43 of 1st period - Slapshot by Alexander Romanov.
17:43 of 1st period - Stopped by Thatcher Demko without a rebound.
17:44 of 1st period - Brayden Point wins face-off versus Ryan Johansen in Avalanche zone.
17:52 of 1st period - Icing by Kaapo Kakko.
17:53 of 1st period - Ryan Johansen wins face-off versus Brayden Point in Maple Leafs zone.
17:58 of 1st period - Wrist shot by Jesper Bratt.
17:58 of 1st period - Shot Misses the Net.
18:04 of 1st period - Snap shot by Brayden Point.
18:04 of 1st period - Goal by Brayden Point - Avalanche : 3 - Maple Leafs : 0.
18:05 of 1st period - Brayden Point wins face-off versus Mattias Janmark in neutral zone.
18:31 of 1st period - Matt Roy is hit by Andrei Svechnikov and loses puck.
18:36 of 1st period - Slapshot by Nikolaj Ehlers.
18:36 of 1st period - Stopped by Thatcher Demko without a rebound.
18:37 of 1st period - Adam Henrique wins face-off versus Nikolaj Ehlers in Avalanche zone.
18:50 of 1st period - Slapshot by Josh Anderson.
18:50 of 1st period - Deflect By Adam Henrique.
18:50 of 1st period - Shot Misses the Net.
18:50 of 1st period - Puck is out of play.
18:51 of 1st period - Mattias Janmark wins face-off versus Brayden Point in Maple Leafs zone.
19:23 of 1st period - Snap shot by Jesper Bratt.
19:23 of 1st period - Stopped by Thatcher Demko with a rebound.
Goals for this period are 3 for Avalanche vs 0 for Maple Leafs.
Shots for this period are 13 for Avalanche vs 10 for Maple Leafs.

2nd period


0:01 of 2nd period - Mattias Janmark wins face-off versus Brayden Point in neutral zone.
0:09 of 2nd period - Icing by Zach Parise.
0:10 of 2nd period - Brayden Point wins face-off versus Mattias Janmark in Avalanche zone.
0:17 of 2nd period - Slapshot by Zach Parise.
0:17 of 2nd period - Shot Misses the Net.
0:42 of 2nd period - Off-side.
0:43 of 2nd period - Ivan Barbashev wins face-off versus Ryan Johansen in neutral zone.
1:10 of 2nd period - Nikolaj Ehlers is hit by Gustav Nyquist and loses puck.
1:41 of 2nd period - Slapshot by Mattias Janmark.
1:41 of 2nd period - Stopped by Thatcher Demko without a rebound.
1:42 of 2nd period - Adam Henrique wins face-off versus Ryan Johansen in Avalanche zone.
2:17 of 2nd period - Snap shot by Nino Niederreiter.
2:17 of 2nd period - Stopped by Jordan Binnington without a rebound.
2:18 of 2nd period - Brayden Point wins face-off versus Connor Bedard in Maple Leafs zone.
2:25 of 2nd period - Wrist shot by Ilya Mikheyev.
2:25 of 2nd period - Shot Blocked by Cam Fowler.
2:27 of 2nd period - Slapshot by Matt Roy.
2:27 of 2nd period - Stopped by Jordan Binnington with a rebound.
2:38 of 2nd period - Ilya Mikheyev is hit by Nikolaj Ehlers and loses puck.
3:23 of 2nd period - Snap shot by Josh Anderson.
3:23 of 2nd period - Deflect By Ivan Barbashev.
3:23 of 2nd period - Shot Misses the Net.
3:23 of 2nd period - Puck is out of play.
3:24 of 2nd period - Brayden Point wins face-off versus Connor Bedard in Maple Leafs zone.
3:51 of 2nd period - Mikhail Sergachev is hit by Ryan McDonagh and loses puck.
4:06 of 2nd period - Snap shot by Nikolaj Ehlers.
4:06 of 2nd period - Stopped by Thatcher Demko without a rebound.
4:07 of 2nd period - Mattias Janmark wins face-off versus Nicolas Roy in Avalanche zone.
4:10 of 2nd period - Slapshot by Cam Fowler.
4:10 of 2nd period - Stopped by Thatcher Demko without a rebound.
4:11 of 2nd period - Nicolas Roy wins face-off versus Travis Dermott in Avalanche zone.
4:20 of 2nd period - Snap shot by Mattias Janmark.
4:20 of 2nd period - Shot Blocked by Jake Sanderson.
4:22 of 2nd period - Wrist shot by Mattias Janmark.
4:22 of 2nd period - Deflect By Alex Iafallo.
4:22 of 2nd period - Goal by Alex Iafallo - Avalanche : 3 - Maple Leafs : 1.
4:23 of 2nd period - Brayden Point wins face-off versus Ryan Johansen in neutral zone.
4:49 of 2nd period - Hampus Lindholm is hit by Nicolas Roy and loses puck.
6:15 of 2nd period - Ilya Mikheyev is hit by Ben Hutton and loses puck.
6:30 of 2nd period - Snap shot by Nikolaj Ehlers.
6:30 of 2nd period - Deflect By Connor Bedard.
6:30 of 2nd period - Shot Misses the Net.
6:30 of 2nd period - Puck is out of play.
6:31 of 2nd period - Nicolas Roy wins face-off versus Connor Bedard in Avalanche zone.
6:38 of 2nd period - Slapshot by Gustav Forsling.
6:38 of 2nd period - Shot Misses the Net.
7:19 of 2nd period - Wrist shot by Mathieu Joseph.
7:19 of 2nd period - Stopped by Jordan Binnington with a rebound.
7:35 of 2nd period - Ilya Mikheyev is hit by Andrei Svechnikov and loses puck.
8:28 of 2nd period - Wrist shot by Alex Iafallo.
8:28 of 2nd period - Shot Blocked by Samuel Girard.
8:30 of 2nd period - Wrist shot by Cam Fowler.
8:30 of 2nd period - Stopped by Thatcher Demko with a rebound.
8:32 of 2nd period - Snap shot by Travis Dermott.
8:32 of 2nd period - Shot Blocked by Samuel Girard.
9:27 of 2nd period - Off-side.
9:28 of 2nd period - Michael McCarron wins face-off versus Adam Henrique in neutral zone.
9:41 of 2nd period - Snap shot by Josh Anderson.
9:41 of 2nd period - Deflect By Ivan Barbashev.
9:41 of 2nd period - Stopped by Jordan Binnington with a rebound.
9:43 of 2nd period - Slapshot by Adam Henrique.
9:43 of 2nd period - Goal by Adam Henrique - Avalanche : 4 - Maple Leafs : 1.
9:44 of 2nd period - Mattias Janmark wins face-off versus Nicolas Roy in neutral zone.
10:52 of 2nd period - Gustav Forsling is hit by Michael McCarron and loses puck.
11:01 of 2nd period - Gustav Forsling is hit by Linus Karlsson and loses puck.
11:20 of 2nd period - Slapshot by Gustav Nyquist.
11:20 of 2nd period - Stopped by Jordan Binnington with a rebound.
11:22 of 2nd period - Wrist shot by Matt Roy.
11:22 of 2nd period - Shot Blocked by Alexander Romanov.
11:38 of 2nd period - Snap shot by Ryan Johansen.
11:38 of 2nd period - Stopped by Thatcher Demko without a rebound.
11:39 of 2nd period - Brayden Point wins face-off versus Ryan Johansen in Avalanche zone.
12:08 of 2nd period - Snap shot by Adam Henrique.
12:08 of 2nd period - Stopped by Jordan Binnington with a rebound.
12:37 of 2nd period - Snap shot by Gustav Nyquist.
12:37 of 2nd period - Stopped by Jordan Binnington without a rebound.
12:38 of 2nd period - Ryan Johansen wins face-off versus Brayden Point in Maple Leafs zone.
12:45 of 2nd period - Ilya Mikheyev is hit by Jesper Bratt and loses puck.
12:50 of 2nd period - Snap shot by Jesper Bratt.
12:50 of 2nd period - Shot Blocked by Gustav Forsling.
13:09 of 2nd period - Wrist shot by Cam Fowler.
13:09 of 2nd period - Shot Misses the Net.
13:11 of 2nd period - Slapshot by Cam Fowler.
13:11 of 2nd period - Shot Misses the Net.
13:13 of 2nd period - Slapshot by Alexander Romanov.
13:13 of 2nd period - Stopped by Thatcher Demko without a rebound.
13:14 of 2nd period - Mattias Janmark wins face-off versus Adam Henrique in Avalanche zone.
13:15 of 2nd period - Slapshot by Cam Fowler.
13:15 of 2nd period - Deflect By Mattias Janmark.
13:15 of 2nd period - Shot Blocked by Sean Durzi.
13:15 of 2nd period - Puck is out of play.
13:16 of 2nd period - Mattias Janmark wins face-off versus Adam Henrique in Avalanche zone.
13:17 of 2nd period - Snap shot by Alex Iafallo.
13:17 of 2nd period - Stopped by Thatcher Demko with a rebound.
13:25 of 2nd period - Slapshot by Sean Durzi.
13:25 of 2nd period - Shot Blocked by Alexander Romanov.
13:27 of 2nd period - Wrist shot by Sean Durzi.
13:27 of 2nd period - Shot Blocked by Alexander Romanov.
13:29 of 2nd period - Wrist shot by Ivan Barbashev.
13:29 of 2nd period - Goal by Ivan Barbashev - Avalanche : 5 - Maple Leafs : 1.
13:30 of 2nd period - Nicolas Roy wins face-off versus Connor Bedard in neutral zone.
14:37 of 2nd period - Mikhail Sergachev is hit by Eric Staal and loses puck.
14:42 of 2nd period - Snap shot by Mathieu Joseph.
14:42 of 2nd period - Stopped by Jordan Binnington with a rebound.
14:44 of 2nd period - Slapshot by Andrew Copp.
14:44 of 2nd period - Stopped by Jordan Binnington without a rebound.
14:45 of 2nd period - Ryan Johansen wins face-off versus Nicolas Roy in Maple Leafs zone.
15:23 of 2nd period - Wrist shot by Andrei Svechnikov.
15:23 of 2nd period - Shot Hit the Post.
15:25 of 2nd period - Slapshot by Braden Schneider.
15:25 of 2nd period - Stopped by Thatcher Demko with a rebound.
15:39 of 2nd period - Snap shot by Adam Henrique.
15:39 of 2nd period - Shot Misses the Net.
15:41 of 2nd period - Slapshot by Matt Roy.
15:41 of 2nd period - Shot Misses the Net.
15:49 of 2nd period - Wrist shot by Adam Henrique.
15:49 of 2nd period - Shot Misses the Net.
16:16 of 2nd period - Off-side.
16:17 of 2nd period - Nicolas Roy wins face-off versus Connor Bedard in neutral zone.
16:50 of 2nd period - Wrist shot by Mattias Janmark.
16:50 of 2nd period - Shot Misses the Net.
16:52 of 2nd period - Slapshot by Mattias Janmark.
16:52 of 2nd period - Shot Misses the Net.
16:54 of 2nd period - Slapshot by Mattias Janmark.
16:54 of 2nd period - Stopped by Thatcher Demko without a rebound.
16:55 of 2nd period - Brayden Point wins face-off versus Ryan Johansen in Avalanche zone.
17:11 of 2nd period - Wrist shot by Jesper Bratt.
17:11 of 2nd period - Stopped by Thatcher Demko with a rebound.
17:21 of 2nd period - Hampus Lindholm is hit by Ryan McDonagh and loses puck.
17:27 of 2nd period - Off-side.
17:28 of 2nd period - Connor Bedard wins face-off versus Adam Henrique in neutral zone.
17:31 of 2nd period - Wrist shot by Nikolaj Ehlers.
17:31 of 2nd period - Stopped by Thatcher Demko without a rebound.
17:32 of 2nd period - Adam Henrique wins face-off versus Connor Bedard in Avalanche zone.
17:32 of 2nd period - Adam Henrique is hit by Andrei Svechnikov.
18:07 of 2nd period - Snap shot by Hampus Lindholm.
18:07 of 2nd period - Shot Misses the Net.
18:09 of 2nd period - Snap shot by Mikhail Sergachev.
18:09 of 2nd period - Stopped by Thatcher Demko without a rebound.
18:10 of 2nd period - Ryan Johansen wins face-off versus Brayden Point in Avalanche zone.
18:42 of 2nd period - Snap shot by Mikhail Sergachev.
18:42 of 2nd period - Deflect By Mattias Janmark.
18:42 of 2nd period - Stopped by Thatcher Demko without a rebound.
18:43 of 2nd period - Connor Bedard wins face-off versus Adam Henrique in Avalanche zone.
19:16 of 2nd period - Snap shot by Jesper Bratt.
19:16 of 2nd period - Shot Blocked by Ilya Mikheyev.
19:18 of 2nd period - Snap shot by Kaapo Kakko.
19:18 of 2nd period - Stopped by Thatcher Demko without a rebound.
19:19 of 2nd period - Brayden Point wins face-off versus Ryan Johansen in Avalanche zone.
19:19 of 2nd period - Brayden Point is hit by Ryan Johansen.
19:25 of 2nd period - Slapshot by Jake Sanderson.
19:25 of 2nd period - Stopped by Jordan Binnington with a rebound.
19:35 of 2nd period - Wrist shot by Jesper Bratt.
19:35 of 2nd period - Shot Misses the Net.
19:49 of 2nd period - Mattias Janmark is hit by Gustav Nyquist and loses puck.
19:54 of 2nd period - Snap shot by Nicolas Roy.
19:54 of 2nd period - Stopped by Jordan Binnington with a rebound.
Goals for this period are 2 for Avalanche vs 1 for Maple Leafs.
Shots for this period are 13 for Avalanche vs 15 for Maple Leafs.

3rd period


0:01 of 3rd period - Nicolas Roy wins face-off versus Connor Bedard in neutral zone.
0:08 of 3rd period - Snap shot by Gustav Nyquist.
0:08 of 3rd period - Stopped by Jordan Binnington without a rebound.
0:09 of 3rd period - Connor Bedard wins face-off versus Nino Niederreiter in Maple Leafs zone.
0:14 of 3rd period - Nino Niederreiter is hit by Mikhail Sergachev and loses puck.
0:29 of 3rd period - Snap shot by Andrei Svechnikov.
0:29 of 3rd period - Deflect By Connor Bedard.
0:29 of 3rd period - Stopped by Thatcher Demko without a rebound.
0:30 of 3rd period - Ryan Johansen wins face-off versus Adam Henrique in Avalanche zone.
0:40 of 3rd period - Minor Penalty to Sean Durzi for Roughing.
0:41 of 3rd period - Ryan Johansen wins face-off versus Andrew Copp in Avalanche zone.
1:06 of 3rd period - Eric Staal is hit by Andrei Svechnikov.
1:32 of 3rd period - Snap shot by Andrei Svechnikov.
1:32 of 3rd period - Deflect By Ryan Johansen.
1:32 of 3rd period - Shot Blocked by Ryan McDonagh.
1:32 of 3rd period - Puck is out of play.
1:33 of 3rd period - Jesper Bratt wins face-off versus Andrew Copp in Avalanche zone.
2:40 of 3rd period - Penalty to Sean Durzi is over, Sean Durzi is back on ice.
2:59 of 3rd period - Snap shot by Ilya Mikheyev.
2:59 of 3rd period - Stopped by Jordan Binnington without a rebound.
3:00 of 3rd period - Adam Henrique wins face-off versus Mattias Janmark in Maple Leafs zone.
3:36 of 3rd period - Mikhail Sergachev is hit by Zach Parise and loses puck.
5:09 of 3rd period - Alex Iafallo is hit by Ivan Barbashev and loses puck.
5:50 of 3rd period - Wrist shot by Brayden Point.
5:50 of 3rd period - Goal by Brayden Point - Avalanche : 6 - Maple Leafs : 1.
5:51 of 3rd period - Adam Henrique wins face-off versus Connor Bedard in neutral zone.
6:16 of 3rd period - Hampus Lindholm is hit by Matt Roy and loses puck.
7:50 of 3rd period - Sean Durzi is hit by Alex Iafallo and loses puck.
9:20 of 3rd period - Travis Dermott is hit by Zach Parise.
9:33 of 3rd period - Off-side.
9:34 of 3rd period - Connor Bedard wins face-off versus Adam Henrique in neutral zone.
9:59 of 3rd period - Brayden Point is hit by Ryan Johansen and loses puck.
10:08 of 3rd period - Backhand shot by Ryan Johansen.
10:08 of 3rd period - Shot Blocked by Matt Roy.
10:10 of 3rd period - Snap shot by Jesper Bratt.
10:10 of 3rd period - Shot Misses the Net.
10:42 of 3rd period - Connor Bedard is hit by Ivan Barbashev and loses puck.
11:05 of 3rd period - Slapshot by Jesper Bratt.
11:05 of 3rd period - Deflect By Nino Niederreiter.
11:05 of 3rd period - Shot Misses the Net.
11:05 of 3rd period - Puck is out of play.
11:06 of 3rd period - Brayden Point wins face-off versus Mattias Janmark in Avalanche zone.
11:41 of 3rd period - Wrist shot by Jesper Bratt.
11:41 of 3rd period - Stopped by Thatcher Demko with a rebound.
12:01 of 3rd period - Snap shot by Nikolaj Ehlers.
12:01 of 3rd period - Stopped by Thatcher Demko without a rebound.
12:02 of 3rd period - Nicolas Roy wins face-off versus Connor Bedard in Avalanche zone.
12:07 of 3rd period - Wrist shot by Connor Bedard.
12:07 of 3rd period - Shot Misses the Net.
12:09 of 3rd period - Slapshot by Ben Hutton.
12:09 of 3rd period - Shot Misses the Net.
12:22 of 3rd period - Icing by Jake Sanderson.
12:23 of 3rd period - Brayden Point wins face-off versus Ryan Johansen in Avalanche zone.
12:49 of 3rd period - Off-side.
12:50 of 3rd period - Adam Henrique wins face-off versus Connor Bedard in neutral zone.
12:59 of 3rd period - Snap shot by Ivan Barbashev.
12:59 of 3rd period - Deflect By Adam Henrique.
12:59 of 3rd period - Stopped by Jordan Binnington without a rebound.
13:00 of 3rd period - Andrei Svechnikov wins face-off versus Brayden Point in Maple Leafs zone.
13:08 of 3rd period - Icing by Andrei Svechnikov.
13:09 of 3rd period - Brayden Point wins face-off versus Connor Bedard in Maple Leafs zone.
13:30 of 3rd period - Snap shot by Andrei Svechnikov.
13:30 of 3rd period - Stopped by Thatcher Demko with a rebound.
13:36 of 3rd period - Wrist shot by Andrei Svechnikov.
13:36 of 3rd period - Shot Misses the Net.
13:50 of 3rd period - Snap shot by Nikolaj Ehlers.
13:50 of 3rd period - Stopped by Thatcher Demko without a rebound.
13:51 of 3rd period - Adam Henrique wins face-off versus Ryan Johansen in Avalanche zone.
14:00 of 3rd period - Snap shot by Adam Henrique.
14:00 of 3rd period - Stopped by Jordan Binnington with a rebound.
14:02 of 3rd period - Wrist shot by Ivan Barbashev.
14:02 of 3rd period - Shot Blocked by Jesper Bratt.
14:04 of 3rd period - Slapshot by Samuel Girard.
14:04 of 3rd period - Stopped by Jordan Binnington with a rebound.
14:06 of 3rd period - Snap shot by Ivan Barbashev.
14:06 of 3rd period - Deflect By Josh Anderson.
14:06 of 3rd period - Shot Misses the Net.
14:06 of 3rd period - Puck is out of play.
14:07 of 3rd period - Mattias Janmark wins face-off versus Nicolas Roy in Maple Leafs zone.
14:16 of 3rd period - Wrist shot by Nicolas Roy.
14:16 of 3rd period - Stopped by Jordan Binnington with a rebound.
14:18 of 3rd period - Slapshot by Nicolas Roy.
14:18 of 3rd period - Stopped by Jordan Binnington with a rebound.
14:20 of 3rd period - Slapshot by Jake Sanderson.
14:20 of 3rd period - Stopped by Jordan Binnington with a rebound.
14:38 of 3rd period - Snap shot by Nikolaj Ehlers.
14:38 of 3rd period - Stopped by Thatcher Demko without a rebound.
14:39 of 3rd period - Adam Henrique wins face-off versus Connor Bedard in Avalanche zone.
14:39 of 3rd period - Adam Henrique is hit by Andrei Svechnikov.
14:53 of 3rd period - Wrist shot by Adam Henrique.
14:53 of 3rd period - Deflect By Josh Anderson.
14:53 of 3rd period - Stopped by Jordan Binnington with a rebound.
15:07 of 3rd period - Wrist shot by Gustav Nyquist.
15:07 of 3rd period - Stopped by Jordan Binnington without a rebound.
15:08 of 3rd period - Ryan Johansen wins face-off versus Nicolas Roy in Maple Leafs zone.
16:04 of 3rd period - Slapshot by Andrei Svechnikov.
16:04 of 3rd period - Stopped by Thatcher Demko without a rebound.
16:05 of 3rd period - Ryan Johansen wins face-off versus Brayden Point in Avalanche zone.
16:10 of 3rd period - Snap shot by Kaapo Kakko.
16:10 of 3rd period - Stopped by Thatcher Demko with a rebound.
16:12 of 3rd period - Slapshot by Braden Schneider.
16:12 of 3rd period - Stopped by Thatcher Demko with a rebound.
16:14 of 3rd period - Slapshot by Ben Hutton.
16:14 of 3rd period - Stopped by Thatcher Demko without a rebound.
16:15 of 3rd period - Brayden Point wins face-off versus Ryan Johansen in Avalanche zone.
16:26 of 3rd period - Wrist shot by Ilya Mikheyev.
16:26 of 3rd period - Shot Blocked by Ryan Johansen.
16:28 of 3rd period - Wrist shot by Zach Parise.
16:28 of 3rd period - Shot Blocked by Alexander Romanov.
16:30 of 3rd period - Slapshot by Matt Roy.
16:30 of 3rd period - Stopped by Jordan Binnington without a rebound.
16:31 of 3rd period - Adam Henrique wins face-off versus Connor Bedard in Maple Leafs zone.
17:19 of 3rd period - Travis Dermott is hit by Nino Niederreiter and loses puck.
17:35 of 3rd period - Hampus Lindholm is hit by Gustav Nyquist and loses puck.
18:08 of 3rd period - Wrist shot by Alex Iafallo.
18:08 of 3rd period - Stopped by Thatcher Demko with a rebound.
18:10 of 3rd period - Backhand shot by Mikhail Sergachev.
18:10 of 3rd period - Stopped by Thatcher Demko with a rebound.
18:12 of 3rd period - Slapshot by Hampus Lindholm.
18:12 of 3rd period - Shot Misses the Net.
18:14 of 3rd period - Slapshot by Connor Bedard.
18:14 of 3rd period - Shot Blocked by Ryan McDonagh.
18:20 of 3rd period - Slapshot by Andrei Svechnikov.
18:20 of 3rd period - Shot Misses the Net.
19:40 of 3rd period - Snap shot by Jesper Bratt.
19:40 of 3rd period - Shot Blocked by Matt Roy.
Goals for this period are 1 for Avalanche vs 0 for Maple Leafs.
Shots for this period are 12 for Avalanche vs 12 for Maple Leafs.




Output by the SimonT Hockey Simulator (STHS) for Eric Tremblay - Original Page W3C HTML5 Valid
Hockey Simulator - Hockey Simulation - Hockey Manager